 Dungeon Crawl Stone Soup version 0.29-a0-243-g602b31c20e (webtiles) character file.

Game seed: 16032036128564072833

115890 kae the Unseen (level 16, -2/85 HPs)
             Began as a Spriggan Enchanter on Mar 2, 2022.
             Was the Champion of Dithmenos.
             Killed from afar by Jorgrun (56 damage)
             ... with an iron shot
             ... on level 14 of the Dungeon on Mar 4, 2022.
             The game lasted 00:42:37 (38069 turns).

kae the Unseen (Spriggan Enchanter)                Turns: 38069, Time: 00:42:38

Health: -2/85      AC: 11    Str: 14    XL:     16   Next: 19%
Magic:  27/32      EV: 31    Int: 19    God:    Dithmenos [******]
Gold:   2000       SH:  0    Dex: 23    Spells: 26/37 levels left

rFire   + + .      SeeInvis +   w - +2 dagger (venom)
rCold   x . .      Faith    .   (no shield)
rNeg    . . .      Spirit   .   F - +1 steam dragon scales
rPois   +          Reflect  .   t - +2 hat
rElec   .          Harm     .   n - +2 cloak
rCorr   .          Rampage  .   (gloves unavailable)
Will    ++...                   (boots unavailable) Stlth *****+++++
                                I - amulet of regeneration
HPRegen 1.04/turn               l - ring of New Discoveries {rPois rF+ rC- Dex+6}
MPRegen 0.23/turn               T - ring "Byiwkuy" {+Blink rF+ Str+6 Stlth+}

@: wreathed by umbra, very quick
A: very small, no large weapons, unfitting armour, see invisible, speed 3,
subdued magic 1
a: Renounce Religion, Evoke Blink, Shadow Step, Shadow Form


You were on level 14 of the Dungeon.
You worshipped Dithmenos.
Dithmenos was exalted by your worship.
You visited 4 branches of the dungeon, and saw 24 of its levels.
You also visited: Ossuary, Gauntlet and Volcano.

You collected 2279 gold pieces.
You spent 279 gold pieces at shops.

Inventory:

Hand Weapons
 a - a +2 dagger
 w - a +2 dagger of venom (weapon)
 N - a +0 rapier of flaming
Missiles
 M - 3 throwing nets (quivered)
Armour
 b - a +1 robe
 n - a +2 cloak (worn)
 t - a +2 hat (worn)
 F - +1 steam dragon scales (worn)
Jewellery
 l - the ring of New Discoveries (left hand) {rPois rF+ rC- Dex+6}
   (You found it on level 3 of the Dungeon)

   [ring of dexterity]

   Dex:       It affects your dexterity (+6).
   rF:        It protects you from fire.
   rC:        It makes you vulnerable to cold.
   rPois:     It protects you from poison.
 x - a ring of fire
 A - a +4 ring of protection
 C - a ring of positive energy
 I - an amulet of regeneration (around neck)
 L - a +6 ring of intelligence
 O - a ring of resist corrosion
 Q - a +4 ring of evasion
 S - a ring of flight
 T - the ring "Byiwkuy" (right hand) {+Blink rF+ Str+6 Stlth+}
   (You bought it in a shop on level 2 of the Orcish Mines)

   [ring of strength]

   Str:       It affects your strength (+6).
   rF:        It protects you from fire.
   +Blink:    It lets you blink.
   Stlth:     It makes you more stealthy.
 U - a +6 ring of dexterity
 V - an amulet of the acrobat
Wands
 d - a wand of flame (56)
 u - a wand of acid (3)
 v - a wand of digging (7)
 H - a wand of polymorph (5)
Scrolls
 c - a scroll of summoning
 r - 6 scrolls of teleportation
 s - 18 scrolls of identify
 y - 3 scrolls of fog
 B - 4 scrolls of enchant weapon
 E - 5 scrolls of fear
 J - a scroll of enchant armour
 P - a scroll of silence
 R - 3 scrolls of amnesia
Potions
 e - 5 potions of ambrosia
 f - 3 potions of berserk rage
 g - 2 potions of haste
 h - a potion of lignification
 i - 8 potions of degeneration
 j - 12 potions of curing
 k - 5 potions of heal wounds
 m - 2 potions of magic
 o - 4 potions of resistance
 p - 4 potions of flight
 q - 7 potions of might
 z - 3 potions of cancellation
 D - 4 potions of brilliance
 G - a potion of attraction
 K - 4 potions of mutation


   Skills:
 + Level 10.1 Fighting
 * Level 15.8 Short Blades
 + Level 3.1 Armour
 + Level 13.5 Dodging
 + Level 16.1 Stealth
 - Level 11.1 Spellcasting
 + Level 12.6 Hexes
 + Level 12.0 Invocations


You had 26 spell levels left.
You knew the following spells:

 Your Spells              Type           Power      Damage    Failure   Level
a - Ensorcelled Hibernat  Hex/Ice        52%        N/A       1%          2
b - Confusing Touch       Hex            45%        N/A       1%          3
c - Tukima's Dance        Hex            45%        N/A       1%          3
d - Dazzling Flash        Conj/Hex       52%        N/A       1%          3

Your spell library contained the following spells:

 Spells                   Type           Power      Damage    Failure   Level
 Portal Projectile        Hex/Tloc       52%        N/A       1%          3
 Anguish                  Hex/Necr       13%        N/A       3%          4
 Fulminant Prism          Conj/Hex       13%        3d9       3%          4
 Leda's Liquefaction      Hex/Erth       13%        N/A       3%          4
 Animate Skeleton         Necr           16%        N/A       5%          1
 Apportation              Tloc           16%        N/A       5%          1
 Magic Dart               Conj           32%        1d4       5%          1
 Pain                     Necr           32%        1d5       5%          1
 Sandblast                Erth           16%        2d6       5%          1
 Call Imp                 Summ           8%         N/A       8%          2
 Corpse Rot               Necr/Air       16%        N/A       8%          2
 Passwall                 Tmut/Erth      6%         N/A       8%          2
 Scorch                   Fire           16%        2d6       8%          2
 Searing Ray              Conj           16%        2d5       8%          2
 Static Discharge         Conj/Air       8%         N/A       8%          2
 Summon Mana Viper        Hex/Summ       26%        N/A       12%         5
 Call Canine Familiar     Summ           8%         N/A       17%         3
 Ignite Poison            Fire/Tmut/Pois 8%         N/A       17%         3
 Mephitic Cloud           Conj/Pois/Air  8%         N/A       17%         3
 Ozocubu's Armour         Ice            8%         N/A       17%         3
 Spider Form              Tmut/Pois      8%         N/A       17%         3
 Stone Arrow              Conj/Erth      16%        3d8       17%         3
 Swiftness                Air            8%         N/A       17%         3
 Vampiric Draining        Necr           8%         2d6       17%         3
 Airstrike                Air            4%         N/A       50%         4
 Animate Armour           Summ/Erth      16%        N/A       50%         4
 Animate Dead             Necr           4%         N/A       50%         4
 Dispel Undead            Necr           8%         3d8       50%         4
 Flame Wave               Conj/Fire      8%         2d5       50%         4
 Sticky Flame             Conj/Fire      8%         2d3       50%         4
 Summon Lightning Spire   Summ/Air       8%         N/A       50%         4
 Alistair's Intoxication  Tmut/Pois      5%         N/A       86%         5
 Blade Hands              Tmut           4%         N/A       86%         5
 Excruciating Wounds      Necr           4%         N/A       86%         5
 Freezing Cloud           Conj/Ice/Air   4%         6-21      86%         5
 Lightning Bolt           Conj/Air       4%         1d15      86%         5
 Summon Forest            Summ/Tloc      4%         N/A       86%         5
 Death Channel            Necr           4%         N/A       100%        6
 Iron Shot                Conj/Erth      4%         9d2       100%        6
 Summon Cactus Giant      Summ           4%         N/A       100%        6
 Haunt                    Necr/Summ      4%         N/A       100%        7
 Ozocubu's Refrigeration  Ice            4%         4d5       100%        7
 Infestation              Necr           4%         N/A       100%        8
 Lehudib's Crystal Spear  Conj/Erth      4%         10d3      100%        8


Dungeon Overview and Level Annotations

Branches:
Dungeon (15/15)            Temple (1/1) D:4            Lair (6/6) D:10
  Swamp (0/4) Lair:3        Snake (0/4) Lair:3        Slime (0/5) Lair:5
    Orc (2/2) D:12            Elf (0/3) Orc:2        Vaults (0/5) D:13
 Depths (0/4) D:15        Ossuary (visited)         Volcano (visited)
Gauntlet (visited)

Altars:
Ashenzari
Cheibriados
Dithmenos
Elyvilon
Fedhas
Gozag
Hepliaklqana
Kikubaaqudgha
Makhleb
Nemelex Xobeh
Okawaru
Qazlal
Ru
Sif Muna
Trog
Uskayaw
Vehumet
Wu Jian
Xom
Yredelemnul
Zin
The Shining One
Beogh
Lugonu

Shops:
D:4 ?   D:5 (   D:6 !   D:15 (   Orc:2 =*?(

Portals:
Abyss: Lair:6

Annotations:
D:14 Jorgrun
Lair:2 1 runed translucent door


Innate Abilities, Weirdness & Mutations

You are very small and have problems with some larger weapons.
You are too small for most types of armour.
You have supernaturally acute eyesight. (SInv)
You cover ground extremely quickly. (Speed+++)
Your spells are a little easier to cast, but a little less powerful.


Message History

Jorgrun resists with almost no effort.
Casting: Ensorcelled Hibernation (safe; 1% risk of failure)
Confirm with . or Enter, or press ? or * to list all spells.
Aiming: Ensorcelled Hibernation (safe; 1% risk of failure)
Press: ? - help, Shift-Dir - straight line, f/p - Jorgrun
Aim: Jorgrun, wielding a staff of earth and wearing a +0 robe (umbra, chance to affect: 0%) Jorgrun resists with almost no effort.
Jorgrun gestures at the crystal wall while chanting.
The blast of crystal shards hits you!
You emit a cloud of dark smoke.
Jorgrun casts a spell at you. You resist with almost no effort.
Jorgrun hits you with a staff of earth. Jorgrun shatters you!
You emit a cloud of dark smoke.
Jorgrun points at you and mumbles some strange words.
The iron shot hits you!!
There is a stone staircase leading down here.
Casting: Ensorcelled Hibernation (safe; 1% risk of failure)
Confirm with . or Enter, or press ? or * to list all spells.
Aiming: Ensorcelled Hibernation (safe; 1% risk of failure)
Press: ? - help, Shift-Dir - straight line, f/p - Jorgrun
Aim: Jorgrun, wielding a staff of earth and wearing a +0 robe (umbra, chance to affect: 0%) Jorgrun resists with almost no effort.
Casting: Ensorcelled Hibernation (safe; 1% risk of failure)
Confirm with . or Enter, or press ? or * to list all spells.
Aiming: Ensorcelled Hibernation (safe; 1% risk of failure)
Press: ? - help, Shift-Dir - straight line, f/p - Jorgrun
Aim: Jorgrun, wielding a staff of earth and wearing a +0 robe (umbra, chance to affect: 0%) Jorgrun resists with almost no effort.
Your shadow mimicks your spell!
Jorgrun resists with almost no effort.
Casting: Ensorcelled Hibernation (safe; 1% risk of failure)
Confirm with . or Enter, or press ? or * to list all spells.
Aiming: Ensorcelled Hibernation (safe; 1% risk of failure)
Press: ? - help, Shift-Dir - straight line, f/p - Jorgrun
Aim: Jorgrun, wielding a staff of earth and wearing a +0 robe (umbra, chance to affect: 0%) Jorgrun resists with almost no effort.
Jorgrun gestures at you while chanting. The iron shot hits you!!!
Ouch! That really hurt!
You die...

ยงยงยงยง........## *#....##
####...(.....###......##
#...................#*
####...#.)..............**
#[#...###...........(...,**
.#.#...#................,,**
###...........g.........,,,**
.#.#....................,,,,**
#.#.............@.......,,,,,**
####...............###..,),,,,**
#........#.....## **,,,,,,,,**
***#<.<.(..###....# *,,,,,,,,,*
,,,,,<.....,*.....#*
**,,,,,,,,**
,,,,...)...........###..,,,,,,**
,,,,.....................,,,,**
*,,,,.)..................,,,**
,,,,,,...................,,**


You could see Jorgrun.

Vanquished Creatures
  Kirke (Lair:4)
  A red draconian (Volcano)
  Snorg (Orc:1)
  A quicksilver dragon zombie (D:15)
  Josephine (Orc:1)
  17 hydras
  A rakshasa (D:13)
  3 boulder beetles
  An anaconda (Lair:1)
  A catoblepas (Lair:6)
  4 centaur warriors
  2 ogre magi
  2 dancing weapons (D:13)
  9 death yaks
  8 two-headed ogres
  3 tengu warriors
  6 orc high priests
  3 thrashing horrors (Lair:6)
  Sonja (Lair:4)
  A fire crab (shapeshifter) (Lair:6)
  12 skeletal warriors
  Nergalle (Orc:1)
  A phantasmal warrior (D:15)
  A tengu zombie (D:15)
  2 deep elf pyromancers
  A necromancer (D:15)
  2 orc knights (Orc:2)
  2 orc sorcerers (Orc:2)
  2 lindwurms
  An oklob plant (Lair:5)
  6 cyclopes
  10 ugly things
  3 manticores
  A tengu skeleton (D:15)
  2 salamanders (shapeshifter)
  4 black mambas
  5 elephants
  2 torpor snails (Lair:6)
  2 gargoyles
  An unseen horror (D:11)
  15 cane toads
  Maggie (Lair:2)
  2 rime drakes
  A freezing wraith (D:15)
  A kobold demonologist (D:12)
  7 komodo dragons
  2 ancient zymes (Lair:6)
  5 trolls
  A meliai (shapeshifter) (D:13)
  3 polar bears (Lair:1)
  5 hornets
  A tyrant leech (Lair:3)
  18 blink frogs
  A spriggan zombie (D:15)
  5 slime creatures (D:12)
  10 dream sheep
  12 small abominations (Lair:6)
  A spriggan (Lair:6)
  8 wyverns
  A ynoxinul (Lair:6)
  2 shadows (D:11)
  2 water elementals (D:15)
  4 wraiths
  56 yaks
  6 hogs (Lair:4)
  A fire bat (shapeshifter) (D:14)
  8 basilisks
  A basilisk (shapeshifter) (D:15)
  4 steam dragons
  11 vampire mosquitoes
  4 chaos spawn (Lair:6)
  9 wargs
  4 nagas (Lair:3)
  3 swamp worms (Lair:3)
  2 acid dragons
  Duvessa (D:4)
  27 water moccasins
  21 orc warriors
  A floating eye (shapeshifter) (D:15)
  3 sky beasts
  15 ogres
  6 black bears
  19 wolves
  7 boggarts
  19 centaurs
  A phantom (D:5)
  7 bullfrogs
  4 kobold brigands
  2 necrophages
  2 gnoll sergeants
  3 scorpions
  5 water moccasin zombies (Ossuary)
  5 wights
  Dowan (D:4)
  9 killer bees
  6 howler monkeys
  8 electric eels
  3 hounds
  39 orc priests
  2 gnoll shamans
  3 jellies
  Terence (D:2)
  4 iguanas
  15 orc wizards
  Natasha (thrice) (D:2)
  2 mummies (Ossuary)
  8 adders
  17 gnolls
  A howler monkey simulacrum (D:9)
  A white imp (D:7)
  5 adder zombies (Ossuary)
  2 dart slugs
  106 orcs
  3 ball pythons (D:1)
  A bat (D:1)
  4 endoplasms
  4 giant cockroaches
  3 gnoll zombies (Ossuary)
  3 goblins
  3 hobgoblins
  19 kobolds
  2 quokkas
  A frilled lizard (D:3)
  6 hobgoblin zombies (Ossuary)
  4 kobold zombies (Ossuary)
  6 orc zombies (Ossuary)
  5 rats
  A butterfly (Lair:1)
794 creatures vanquished.

Vanquished Creatures (others)
  A dancing weapon (D:9)
  A boggart (D:13)
  3 orcs
  14 demonic plants (Gauntlet)
  16 fungi
  38 plants
  3 withered plants (D:15)
76 creatures vanquished.

Grand Total: 870 creatures vanquished

Notes
Turn   | Place    | Note
-------+----------+-------------------------------------------
     0 | D:1      | kae the Spriggan Enchanter began the quest for the Orb.
     0 | D:1      | Reached XP level 1. HP: 9/9 MP: 5/5
   494 | D:1      | Reached XP level 2. HP: 13/13 MP: 6/6
   505 | D:1      | Learned a level 2 spell: Ensorcelled Hibernation
  1017 | D:2      | Reached XP level 3. HP: 14/16 MP: 8/8
  1214 | D:2      | Found a faded altar of an unknown god.
  1438 | D:2      | Noticed Terence
  1449 | D:2      | Killed Terence
  1450 | D:2      | Reached skill level 5 in Stealth
  1659 | D:2      | Identified the +1 ring mail of Immorality {rElec rN+
                  | Stlth-}
  1659 | D:2      | Noticed Natasha
  1661 | D:2      | Killed Natasha
  1662 | D:2      | Reached XP level 4. HP: 21/21 MP: 9/9
  2040 | D:3      | Noticed an ogre
  2177 | D:2      | Noticed Natasha
  2182 | D:2      | Killed Natasha
  2300 | D:2      | Found a faded altar of an unknown god.
  2661 | D:2      | Noticed Natasha
  2668 | D:2      | Killed Natasha
  2669 | D:2      | Reached XP level 5. HP: 24/24 MP: 6/11
  3643 | D:3      | Noticed an ogre
  4245 | D:3      | Killed an ogre
  4246 | D:3      | Reached XP level 6. HP: 28/28 MP: 3/12
  4324 | D:3      | Identified the ring of New Discoveries {rPois rF+ rC-
                  | Dex+6}
  4331 | D:3      | Reached skill level 6 in Stealth
  4587 | D:4      | Noticed Duvessa
  4587 | D:4      | Noticed Dowan
  4731 | D:4      | Found a sand-covered staircase.
  4734 | D:4      | Reached skill level 5 in Hexes
  4734 | D:4      | Reached XP level 7. HP: 32/32 MP: 14/14
  4735 | D:4      | Found Zushopp's Magic Scroll Emporium.
  4742 | D:4      | Learned a level 3 spell: Confusing Touch
  4746 | D:4      | Learned a level 3 spell: Tukima's Dance
  4750 | D:4      | Learned a level 3 spell: Dazzling Flash
  4751 | Ossuary  | Entered an ossuary
  4795 | Ossuary  | Reached skill level 5 in Short Blades
  5360 | Ossuary  | Reached skill level 5 in Dodging
  5665 | Ossuary  | Reached skill level 7 in Stealth
  5755 | Ossuary  | Reached skill level 5 in Spellcasting
  5999 | D:4      | Bought a scroll of identify for 26 gold pieces
  5999 | D:4      | Bought a scroll of identify for 26 gold pieces
  6387 | D:4      | Identified the +10 long sword "Noickef" {vorpal, rElec
                  | rPois rN++ Dex-5}
  6488 | D:4      | Killed Duvessa
  6489 | D:4      | Reached XP level 8. HP: 29/36 MP: 1/16
  6792 | D:4      | Killed Dowan
  6877 | D:4      | Found a staircase to the Ecumenical Temple.
  6886 | Temple   | Entered the Ecumenical Temple
  7197 | Temple   | Became a worshipper of Dithmenos the Shadowed
  7305 | D:4      | Identified the +6 ring mail of Maumeiqu {rF++}
  7586 | D:5      | Entered Level 5 of the Dungeon
  7692 | D:5      | Found Edothaq's Weapon Boutique.
  8402 | D:5      | Reached skill level 8 in Stealth
  9180 | D:6      | Found Soafohe's Distillery.
  9211 | D:6      | Found a white marble altar of Elyvilon.
  9373 | D:6      | Noticed a two-headed ogre
  9385 | D:6      | Killed a two-headed ogre
  9386 | D:6      | Reached skill level 9 in Stealth
  9386 | D:6      | Reached XP level 9. HP: 39/39 MP: 16/19
 10291 | D:7      | Reached * piety under Dithmenos
 11627 | D:8      | Found an ancient bone altar of Kikubaaqudgha.
 11628 | D:8      | Noticed a boulder beetle
 11957 | D:7      | Reached skill level 10 in Stealth
 12070 | D:8      | Reached XP level 10. HP: 44/44 MP: 15/22
 12073 | D:8      | Killed a boulder beetle
 12662 | D:8      | Reached ** piety under Dithmenos
 13316 | D:9      | Reached skill level 10 in Short Blades
 13435 | D:9      | Reached skill level 11 in Stealth
 14260 | D:9      | Noticed a two-headed ogre
 14402 | D:9      | Reached *** piety under Dithmenos
 14411 | D:9      | Killed a two-headed ogre
 14412 | D:9      | Reached XP level 11. HP: 47/47 MP: 14/24
 14962 | D:10     | Entered Level 10 of the Dungeon
 14962 | D:10     | Noticed a two-headed ogre
 14968 | D:10     | Killed a two-headed ogre
 14985 | D:10     | Noticed a two-headed ogre
 15013 | D:10     | Killed a two-headed ogre
 15014 | D:10     | Reached skill level 12 in Stealth
 15309 | D:10     | Found a snail-covered altar of Cheibriados.
 15427 | D:10     | Reached skill level 10 in Dodging
 15980 | D:10     | Found a staircase to the Lair.
 16140 | Lair:1   | Entered Level 1 of the Lair of Beasts
 16274 | Lair:1   | Reached skill level 10 in Hexes
 16289 | Lair:1   | Reached **** piety under Dithmenos
 16450 | Lair:1   | Reached skill level 13 in Stealth
 16926 | Lair:1   | Reached XP level 12. HP: 50/51 MP: 18/26
 16989 | Lair:1   | Reached skill level 10 in Spellcasting
 16989 | Lair:1   | Noticed a four-headed hydra
 16991 | Lair:1   | Noticed a seven-headed hydra
 17043 | Lair:1   | Killed a seven-headed hydra
 17331 | Lair:1   | Killed a four-headed hydra
 17716 | Lair:1   | Noticed an anaconda
 17747 | Lair:1   | Killed an anaconda
 18039 | Lair:2   | Reached skill level 14 in Stealth
 18097 | Lair:2   | Found a gate leading to a gauntlet.
 18106 | Gauntlet | Entered a Gauntlet
 18106 | Gauntlet | Found a transporter.
 18167 | Gauntlet | Found a transporter.
 18180 | Gauntlet | Found a transporter.
 18182 | Gauntlet | Found the ring of the Octopus King
 18185 | Gauntlet | Found a transporter.
 18200 | Gauntlet | Found a transporter.
 18216 | Gauntlet | Found a transporter.
 18227 | Gauntlet | Found a large runed translucent door.
 18227 | Gauntlet | Noticed a death yak
 18228 | Gauntlet | Found a large runed translucent door.
 18228 | Gauntlet | Noticed a death yak
 18229 | Gauntlet | Found a large runed translucent door.
 18229 | Gauntlet | Found a large runed translucent door.
 18230 | Gauntlet | Found a runed translucent gate.
 18230 | Gauntlet | Noticed a death yak
 18231 | Gauntlet | Found a transporter.
 18231 | Gauntlet | Found a runed translucent gate.
 18231 | Gauntlet | Noticed a death yak
 18232 | Gauntlet | Found a runed translucent gate.
 18232 | Gauntlet | Noticed a death yak
 18233 | Gauntlet | Found a large runed translucent door.
 18233 | Gauntlet | Found a large runed translucent door.
 18234 | Gauntlet | Found a large runed translucent door.
 18235 | Gauntlet | Found a large runed translucent door.
 18243 | Gauntlet | Found a transporter.
 18255 | Gauntlet | Found a transporter.
 18261 | Gauntlet | Found a transporter.
 18261 | Gauntlet | Found a transporter.
 18268 | Gauntlet | Noticed a hell beast
 18276 | Gauntlet | Found a transporter.
 18293 | Gauntlet | Found a transporter.
 18313 | Gauntlet | Found a transporter.
 18338 | Gauntlet | Found a transporter.
 18358 | Gauntlet | Found a transporter.
 18432 | Gauntlet | Found a large runed translucent door.
 18432 | Gauntlet | Found a large runed translucent door.
 18432 | Gauntlet | Found a runed translucent door.
 18432 | Gauntlet | Found a runed translucent door.
 18433 | Gauntlet | Found a large runed translucent door.
 18434 | Gauntlet | Found a large runed translucent door.
 18436 | Gauntlet | Found a transporter.
 18452 | Gauntlet | Found a large runed translucent door.
 18452 | Gauntlet | Found a large runed translucent door.
 18453 | Gauntlet | Found a large runed translucent door.
 18454 | Gauntlet | Found a large runed translucent door.
 18545 | Lair:2   | Noticed an eight-headed hydra
 18559 | Lair:2   | Killed an eight-headed hydra
 18674 | Lair:2   | Noticed Maggie
 18978 | Lair:2   | Found a runed translucent door.
 19272 | Lair:2   | Killed Maggie
 19313 | Lair:3   | Found a staircase to the Swamp.
 19343 | Lair:3   | Reached ***** piety under Dithmenos
 19431 | Lair:3   | Noticed a seven-headed hydra
 19439 | Lair:3   | Killed a seven-headed hydra
 19515 | Lair:3   | Found a staircase to the Snake Pit.
 19946 | Lair:3   | Noticed a death yak
 19947 | Lair:3   | Noticed a death yak
 19949 | Lair:3   | Noticed a death yak
 19949 | Lair:3   | Noticed a death yak
 19952 | Lair:3   | Noticed a death yak
 19953 | Lair:3   | Killed a death yak
 20382 | Lair:3   | Noticed a four-headed hydra
 20389 | Lair:3   | Killed a four-headed hydra
 20390 | Lair:3   | Reached XP level 13. HP: 55/55 MP: 29/29
 20573 | Lair:3   | Reached skill level 1 in Invocations
 20587 | Lair:3   | Reached skill level 1 in Fighting
 21518 | Lair:4   | Noticed Sonja
 22106 | Lair:4   | Noticed Kirke
 22129 | Lair:4   | Reached skill level 5 in Invocations
 22360 | Lair:4   | Killed Sonja
 22703 | Lair:5   | Reached skill level 5 in Fighting
 23322 | Lair:5   | Found a dark tunnel.
 23368 | Volcano  | Entered a volcano
 23388 | Volcano  | Noticed a red draconian
 23395 | Volcano  | Killed a red draconian
 23572 | Volcano  | Reached XP level 14. HP: 70/70 MP: 30/30
 23853 | Lair:5   | Found a staircase to the Slime Pits.
 23947 | Lair:6   | Entered Level 6 of the Lair of Beasts
 24675 | Lair:6   | Reached ****** piety under Dithmenos
 26425 | Lair:6   | Reached skill level 10 in Invocations
 27233 | Lair:6   | Found a corrupted altar of Lugonu.
 27233 | Lair:6   | Found a one-way gate to the infinite horrors of the Abyss.
 27394 | Lair:4   | Killed Kirke
 27720 | D:11     | Reached XP level 15. HP: 79/79 MP: 31/31
 28600 | D:12     | Reached skill level 1 in Armour
 28843 | D:12     | Found a staircase to the Orcish Mines.
 29383 | D:12     | Reached skill level 15 in Stealth
 30387 | D:13     | Found a gate to the Vaults.
 31277 | Orc:1    | Entered Level 1 of the Orcish Mines
 31293 | Orc:1    | Noticed Josephine
 31320 | Orc:1    | Killed Josephine
 31320 | Orc:1    | Noticed Snorg
 31361 | Orc:1    | You fall into a shaft and drop 1 floor!
 31361 | Orc:2    | Entered Level 2 of the Orcish Mines
 31540 | Orc:1    | Killed Snorg
 31916 | Orc:1    | Noticed Nergalle
 31952 | Orc:1    | Killed Nergalle
 31953 | Orc:1    | Reached skill level 15 in Short Blades
 32063 | Orc:1    | Found a burning altar of Makhleb.
 32850 | Orc:2    | Gained mutation: Your spells are a little easier to cast,
                  | but a little less powerful. [a neqoxec]
 33192 | Orc:2    | Found Koewe's Weapon Shop.
 33192 | Orc:2    | Found Wabigy's Magic Scroll Emporium.
 33211 | Orc:2    | Bought a scroll of identify for 36 gold pieces
 33211 | Orc:2    | Bought a scroll of identify for 36 gold pieces
 33259 | Orc:2    | Found a staircase to the Elven Halls.
 33766 | Orc:2    | Found Leunk's Assorted Antiques.
 33766 | Orc:2    | Found Jeguaffyh's Jewellery Emporium.
 33850 | Orc:2    | Bought a vibrating marble ring for 155 gold pieces
 33850 | Orc:2    | Identified the ring "Byiwkuy" {+Blink rF+ Str+6 Stlth+}
                  | (You bought it in a shop on level 2 of the Orcish Mines)
 34224 | D:13     | Upgraded the game from 0.29-a0-234-g0dae59b3db to
                  | 0.29-a0-243-g602b31c20e
 34310 | D:13     | Found a gate to the Vaults.
 35068 | D:13     | Found a gate to the Vaults.
 35653 | D:13     | HP: 4/80 [skeletal warrior/+0 glaive[a skeletal warrior]
                  | (23)]
 35928 | D:14     | Reached skill level 10 in Fighting
 36144 | D:15     | Entered Level 15 of the Dungeon
 36212 | D:15     | Reached XP level 16. HP: 85/85 MP: 22/32
 36349 | D:15     | Found a staircase to the Depths.
 36427 | D:15     | Reached skill level 16 in Stealth
 36847 | D:15     | Noticed Jorgrun
 37550 | D:15     | Paralysed by a floating eye for 4 turns
 37844 | D:15     | Identified the +11 morningstar of Disorder {drain, Int+2}
 37853 | D:15     | Found Istri's Weapon Shoppe.
 38069 | D:14     | Killed from afar by Jorgrun

Illustrated notes

Levels and vault maps discovered:
D:1:      matt_arrival_refuge, layout_loops_ring
D:2:      layout_loops_corners, shapermc_ecumenical_altar_totnotflames,
          minmay_misc_feat_plants, kennysheep_generic_room_6, uniq_terence,
          uniq_natasha
D:3:      layout_basic, cheibrodos_sewer_entry_drain
D:4:      layout_loops_ring, minmay_temple_entry_enclosed_plants,
          lightli_ossuary_entry_decrepit_ruins, serial_shops,
          nicolae_square_shop, uniq_sigmund, uniq_duvessa
D:5:      layout_layer_cave, serial_shops, nicolae_lakefront_shop
D:6:      layout_loops_ring, overflow_temple_1_default, serial_shops,
          nicolae_square_shop, chequers_avenue
D:7:      layout_gridville
D:8:      layout_basic, minmay_ruined_shrine
D:9:      layout_stronghold, minivault_24, minmay_alternating_orb
D:10:     layout_basic, mainiacjoe_overflow_alcove_1, david_lair_generic
D:11:     wander_river, layout_stronghold
D:12:     layout_layer_cave, david_orc_5
D:13:     layout_basic, erik_vaults_1, minmay_circle_x
D:14:     layout_big_octagon, roderic_roman_lattice
D:15:     gammafunk_depths_entry_grave, layout_rooms, serial_shops,
          nicolae_lakefront_shop, serial_bayou, serial_bayou_lagoon_b,
          serial_bayou_pond_b, serial_bayou_lagoon_a, serial_bayou_shore_b,
          serial_bayou_pond_d, lightli_corner_chamber, uniq_jorgrun
Temple:   mainiacjoe_temple_cubbyholes
Lair:1:   layout_roguey, nicolae_lair_lakeside_cave, grunt_megastairs_4,
          lemuel_fruit_fields
Lair:2:   gammafunk_indiana_jones, layout_gridlike, gauntlet_entry_generic,
          uniq_maggie
Lair:3:   layout_regular_city, minmay_swamp_entry_worms,
          minmay_snake_entry_guardpost_small
Lair:4:   cheibrodos_lair_river_kwai, layout_long_grid, dreamdust_wasp_nest,
          uniq_kirke, uniq_sonja
Lair:5:   layout_loops_ring, minmay_slime_entry_oklob_enclosed,
          nicolae_volcano_entry_vermiform
Lair:6:   hellmonk_lair_end_abyssal_woods, layout_concentric_octagons,
          grunt_megastairs_2, serial_bayou_shore_a, infiniplex_staircase_pool
Orc:1:    layout_caves, basic_altar, bloody_makhleb, uniq_josephine,
          uniq_nergalle, uniq_snorg
Orc:2:    st_orc_town, layout_caves, special_room, basic_altar, library_closet

Skill      XL: |  1  2  3  4  5  6  7  8  9 10 11 12 13 14 15 16 |
---------------+-------------------------------------------------+-----
Short Blades   | 2 3 4 6 8 9 10 12 14 15 | 15.8
Dodging        | 3 4 5 7 8 9 10 12 13 | 13.5
Spellcasting   | 3 4 5 6 7 8 9 11 | 11.1
Stealth        | 5 6 7 9 10 11 13 14 15 16 | 16.1
Hexes          | 4 5 7 9 10 11 12 | 12.6
Invocations    | 7 11 12 | 12.0
Fighting       | 6 9 10 | 10.1
Armour         | 2 3 |  3.1

Action                   |  1- 3 |  4- 6 |  7- 9 | 10-12 | 13-15 | 16-18 || total
-------------------------+-------+-------+-------+-------+-------+-------++-------
Melee: Dagger            |    58 |    57 |   358 |   458 |  2003 |   178 ||  3112
       Punch             |       |       |     6 |     8 |    34 |     2 ||    50
 Cast: Ensorcelled Hiber |     1 |    31 |    96 |   200 |   256 |    52 ||   636
       Confusing Touch   |       |       |    12 |    10 |    70 |    15 ||   107
       Tukima's Dance    |       |       |       |     5 |       |       ||     5
Evoke: Wand              |       |       |       |       |     4 |       ||     4
  Use: Scroll            |     5 |     3 |    15 |     5 |     4 |     2 ||    34
       Potion            |       |       |       |     1 |     1 |       ||     2
 Stab: Sleeping          |    10 |    16 |    72 |   120 |   204 |    17 ||   439
       Confused          |       |       |     9 |    10 |    62 |    18 ||    99
       Distracted        |       |       |     1 |     3 |     7 |     3 ||    14
       Invisible         |       |       |       |     6 |       |       ||     6
       Fleeing           |       |       |       |       |       |     1 ||     1
Armor: Robe              |     3 |     2 |    29 |    32 |       |       ||    66
       Steam dragon scal |       |       |       |    13 |   215 |    18 ||   246
Dodge: Dodged            |    39 |    45 |   288 |   464 |  1959 |   120 ||  2915

Table legend: (Time is in decaauts)
 A = Elapsed time spent in this place.
 B = Non-inter-level travel time spent in this place.
 C = Inter-level travel time spent in this place.
 D = Time resting spent in this place.
 E = Time spent auto-exploring this place.
 F = Levels seen in this place.
 G = Mean time per level.
                   A        B        C        D        E       F      G
               +--------+--------+--------+--------+--------+-----+--------+
         Total |  28171 |  27258 |    913 |   9250 |  12343 |  27 | 1043.4 |
       Dungeon |  16317 |  15659 |    658 |   4850 |   7955 |  15 | 1087.8 |
        Temple |    221 |    182 |     39 |      0 |    181 |   1 |  221.0 |
          Lair |   8029 |   7840 |    189 |   2801 |   3268 |   6 | 1338.2 |
  Orcish Mines |   1992 |   1967 |     25 |    680 |    557 |   2 |  996.0 |
       Ossuary |   1135 |   1135 |      0 |    891 |     14 |   1 | 1135.0 |
       Volcano |    235 |    235 |      0 |     27 |    151 |   1 |  235.0 |
      Gauntlet |    239 |    239 |      0 |      0 |    215 |   1 |  239.0 |
               +--------+--------+--------+--------+--------+-----+--------+

Top non-repeatable levels by time:
  Lair:6: 2574 daAuts
     D:2: 2171 daAuts
    D:13: 1878 daAuts
  Lair:3: 1830 daAuts
     D:7: 1499 daAuts
  Lair:1: 1467 daAuts
     D:9: 1195 daAuts
    D:15: 1162 daAuts
 Ossuary: 1135 daAuts
   Orc:1: 1103 daAuts
    D:12: 1045 daAuts
     D:6: 981 daAuts
     D:5: 945 daAuts
    D:10: 920 daAuts
     D:8: 898 daAuts
